 Dungeon Crawl Stone Soup version 0.30.1-4-g462c640d31 (webtiles) character file.

Game seed: 11210905560891757378

237 Amplified the Trooper (level 5, -2/44 HPs)
             Began as a Demonspawn Delver on Sept 10, 2023.
             Was an Initiate of Gozag.
             Slain by a scorpion (7 damage)
             ... on level 4 of the Dungeon.
             The game lasted 00:03:51 (1076 turns).

Amplified the Trooper (Demonspawn Delver)           Turns: 1076, Time: 00:03:52

Health: -2/44      AC:  5    Str: 13    XL:     5   Next: 77%
Magic:  5/5        EV: 11    Int: 16    God:    Gozag
Gold:   16         SH:  0    Dex: 13    Spells: 4/4 levels left

rFire   . . .        a - +1 falchion
rCold   + . .        (no shield)
rNeg    . . .        b - +0 leather armour
rPois   +            (no helmet)
rElec   .            f - +1 cloak
rCorr   .            (no gloves)
SInv    .            (no boots)
Will    .....        (no amulet)
Stlth   ++           i - ring of protection from cold
HPRegen 0.27/turn    (no ring)
MPRegen 0.09/turn

%: no passive effects
@: lethally poisoned (-2 -> -5)
A: claws 1, powered by pain 2, clever 1, sense surroundings 1, poison resistance
a: Renounce Religion, Potion Petition, Call Merchant, Bribe Branch


You were on level 4 of the Dungeon.
You worshipped Gozag.
Gozag was noncommittal.
You visited 1 branch of the dungeon, and saw 3 of its levels.

You collected 76 gold pieces.
You paid 60 gold pieces to Gozag.

Inventory:

Hand Weapons
 a - a +1 falchion (weapon)
Armour
 b - a +0 leather armour (worn)
 f - a +1 cloak (worn)
Jewellery
 i - a ring of protection from cold (left claw)
Wands
 g - a wand of digging (3)
Scrolls
 c - a scroll of fog
 d - a scroll of magic mapping
 j - a scroll of enchant weapon
Potions
 h - a potion of mutation


   Skills:
 * Level 5.1 Fighting
 - Level 1.7 Long Blades
 * Level 3.5 Armour
 - Level 1.7 Dodging
 - Level 4.5 Stealth


You had 4 spell levels left.
You didn't know any spells.
Your spell library was empty.

Dungeon Overview and Level Annotations

Branches:
Dungeon (5/15)
 Temple: D:4-7

Altars:
Gozag

Shops:
D:4 =

Annotations:
D:4 1 runed translucent door, Eustachio; Ijyb; Silencio's ghost, amateur GrFi


Innate Abilities, Weirdness & Mutations

You have sharp fingernails.
You sometimes gain power by taking damage.
Your mind is acute. (Int +4, Str/Dex -1)
You passively map a small area around you.
Your system is resistant to poisons. (rPois)


Message History

The scorpion closely misses you.
Unknown command.
You hit the scorpion but do no damage. You claw the scorpion.
The scorpion is heavily wounded.
You feel sick. The scorpion stings you.
You are more poisoned.
The scorpion poisons you!
Unknown command.
You hit the scorpion but do no damage.
You claw the scorpion, but do no damage.
The scorpion is heavily wounded.
You feel very sick. The scorpion stings you.
* * * LOW HITPOINT WARNING * * *
The scorpion stings you but does no damage.
Really quaff the potion of mutation?
You feel extremely strange.
You feel a little more calm.
Your talons dull and shrink into feet.
You feel resistant to poisons.
You feel a strange attunement to the structure of the dungeons.
You feel clever.
* * * LOW HITPOINT WARNING * * *
You feel very sick. The scorpion completely misses you.
Unknown command.
Okay, then.
You hit the scorpion but do no damage.
The scorpion is heavily wounded.
You feel sick. The scorpion closely misses you.
Unknown command.
You hit the scorpion.
The scorpion is heavily wounded.
You feel sick. The scorpion closely misses you.
The scorpion stings you but does no damage.
Okay, then.
You barely miss the scorpion.
The scorpion is heavily wounded.
You feel sick. The scorpion stings you!
You die...
Your body crumbles into a pile of gold.

*##P ♣~≈≈~P..# * P ♣~~~P☼○.#
## ♣~~~~P...# #.
P~.P...☼○##### #####. .
~...##○☼☼...# #..... ~ ~ ###
##☼##...# #.###. P ~ #○#
.#.#####.##.# P #s#
...........# . #@#,
#.#####.##.# . #.#* # #.###.
.###############°###########.#
##
...............☼#°...........#
################.#############
###


You could see a scorpion.

Vanquished Creatures
  An ogre (D:4)
  An iguana (D:4)
  3 orc wizards (D:4)
  4 adders
  A white imp (D:5)
  A dart slug (D:4)
  2 orcs (D:4)
  A hobgoblin (D:4)
  3 jackals (D:4)
  A kobold (D:4)
  A ball python (D:4)
19 creatures vanquished.

Notes
Turn   | Place    | Note
-------+----------+-------------------------------------------
     0 | D:5      | Amplified the Demonspawn Delver began the quest for the
                  | Orb.
     0 | D:5      | Reached XP level 1. HP: 18/18 MP: 1/1
    53 | D:5      | Reached skill level 1 in Armour
    53 | D:5      | Gained mutation: You sometimes gain a little power by
                  | taking damage. [demonic ancestry]
    53 | D:5      | Reached XP level 2. HP: 15/24 MP: 2/2
   161 | D:4      | Gained mutation: You have sharp toenails. [potion of
                  | mutation]
   161 | D:4      | Gained mutation: You sometimes lose your temper in combat.
                  | [potion of mutation]
   286 | D:4      | Gained mutation: You have sharp fingernails. [demonic
                  | ancestry]
   286 | D:4      | Reached XP level 3. HP: 17/30 MP: 3/3
   301 | D:4      | Reached skill level 4 in Fighting
   301 | D:4      | Reached XP level 4. HP: 3/37 MP: 4/4
   522 | D:4      | Found Joqa's Jewellery Boutique.
   569 | D:4      | Found a runed translucent door.
   574 | D:4      | Noticed a bullfrog
   575 | D:4      | Noticed Silencio's ghost (amateur GrFi)
   607 | D:4      | Noticed Ijyb
   617 | D:4      | Paralysed by Ijyb for 2 turns
   624 | D:4      | Noticed Eustachio
   715 | D:5      | Gained mutation: You sometimes gain power by taking damage.
                  | [demonic ancestry]
   715 | D:5      | Reached XP level 5. HP: 26/43 MP: 5/5
   823 | D:4      | Found an opulent altar of Gozag.
   832 | D:4      | Noticed an ogre
   838 | D:4      | Killed an ogre
   839 | D:4      | Reached skill level 5 in Fighting
   868 | D:4      | Became a worshipper of Gozag Ym Sagoz the Greedy
  1073 | D:4      | Lost mutation: You sometimes lose your temper in combat.
                  | [potion of mutation]
  1073 | D:4      | Lost mutation: You have sharp toenails. [potion of
                  | mutation]
  1073 | D:4      | Gained mutation: Your system is resistant to poisons.
                  | (rPois) [potion of mutation]
  1073 | D:4      | Gained mutation: You passively map a small area around you.
                  | [potion of mutation]
  1073 | D:4      | Gained mutation: Your mind is acute. (Int +4, Str/Dex -1)
                  | [potion of mutation]
  1076 | D:4      | Slain by a scorpion

Illustrated notes

Levels and vault maps discovered:
D:3:      layout_loops_cross, lemuel_zombie_altar_kikubaaqudgha,
          chequers_ecumenical_altar_lobes, minmay_crystal_water
D:4:      layout_loops_ring, nicolae_gozag_seed_capital, serial_shops, shop,
          ebering_ghost_sewer_d, serial_bayou_lagoon_a, minmay_liquid_box,
          uniq_ijyb, uniq_eustachio
D:5:      layout_loops_ring

Skill      XL: |  1  2  3  4  5 |
---------------+----------------+-----
Armour         | 1 2 3 |  3.5
Fighting       | 4 5 |  5.1
Long Blades    | |  1.7
Dodging        | |  1.7
Stealth        | |  4.5

Action                     |  1- 3 |  4- 6 || total
---------------------------+-------+-------++-------
  Melee: Falchion          |    30 |    45 ||    75
         Kick              |     5 |    12 ||    17
         Punch             |       |     1 ||     1
  Evoke: Wand              |     6 |     5 ||    11
    Use: Potion            |     2 |     4 ||     6
         Scroll            |     2 |     4 ||     6
   Stab: Sleeping          |     1 |     2 ||     3
 Armour: Leather armour    |     8 |    23 ||    31
  Dodge: Dodged            |    22 |    45 ||    67
